 Dungeon Crawl Stone Soup version 0.19.5 (webtiles) character file.

1614 tyranidshit the Fighter (level 8, -1/75 HPs)
             Began as a Demonspawn Abyssal Knight on Mar 9, 2017.
             Was a Priest of Lugonu.
             Killed by a spatial distortion (3 damage)
             ... on level 7 of the Dungeon on Mar 10, 2017.
             The game lasted 00:19:23 (4149 turns).

tyranidshit the Fighter (Demonspawn Abyssal Knight) Turns: 4149, Time: 00:19:24

Health: -1/75      AC: 11    Str: 14    XL:     8   Next: 64%
Magic:  9/9        EV:  6    Int: 13    God:    Lugonu [***...]
Gold:   269        SH: 12    Dex: 14    Spells: 0 memorised, 7 levels left

rFire  + . .     SeeInvis .     a - +2 hand axe
rCold  + . .     Gourm    .     o - +0 scale mail
rNeg   . . .     Faith    .     k - +2 shield
rPois  +         Spirit   .     (no helmet)
rElec  +         Reflect  +     (no cloak)
rCorr  +         Harm     .     m - +1 pair of gloves
MR     .....                    (no boots)
Stlth  ..........               j - +3 amulet of reflection
                                z - +4 ring of dexterity
                                i - +2 ring of slaying

@: lethally poisoned (-1 -> -10), resistant
A: talons 1, icy blue scales 1, clumsy 1, deterioration 1, dopey 1, poison
resistance, shaggy fur 1, spiny 1
a: Depart the Abyss, Bend Space, Banish, Renounce Religion


You were on level 7 of the Dungeon.
You worshipped Lugonu.
Lugonu was most pleased with you.
You were not hungry.

You visited 1 branch of the dungeon, and saw 7 of its levels.
You visited the Abyss 1 time.

You collected 269 gold pieces.

Inventory:

Hand Weapons
 a - a +2 hand axe (weapon)
 e - a +0 short sword
Missiles
 h - 2 exploding tomahawks (quivered)
Armour
 b - a +0 leather armour
 k - a +2 shield (worn)
 l - a +0 ring mail
 m - a +1 pair of gloves (worn)
 o - a +0 scale mail (worn)
 y - the +2 robe of Vexation {MR+}
   (You found it on level 4 of the Dungeon)

   It affects your resistance to hostile enchantments.
 C - a +0 scale mail
Jewellery
 i - a +2 ring of slaying (left hand)
 j - a +3 amulet of reflection (around neck)
 n - an uncursed ring of loudness
 q - an uncursed ring of magical power
 z - a +4 ring of dexterity (right hand)
Wands
 g - a wand of polymorph (9/24)
 w - a wand of lightning (0/15)
Scrolls
 f - 4 scrolls of teleportation
 p - 5 scrolls of identify
 u - a scroll of enchant weapon
 v - a scroll of remove curse
Potions
 r - a potion of lignification
 s - 2 potions of flight
 x - 2 potions of might
Comestibles
 c - 2 bread rations
 d - 6 meat rations
 A - a slice of pizza


   Skills:
 + Level 11.2 Fighting
 - Level 1.7 Axes
 - Level 1.7 Armour
 - Level 0.8 Dodging
 - Level 2.4 Invocations


You had 7 spell levels left.
You didn't know any spells.

Dungeon Overview and Level Annotations

Branches:
Dungeon (7/15)
 Temple: D:4-7

Altars:
Dithmenos
Elyvilon
Qazlal
The Shining One

Annotations:
D:6 tof's ghost, novice MiBe


Innate Abilities, Weirdness & Mutations

You have sharp toenails.
You are partially covered in icy blue scales. (AC +2)
You are partially covered in sharp spines.
You are clumsy. (Dex -2)
Your body sometimes deteriorates upon taking damage.
You are dopey. (Int -2)
Your system is resistant to poisons. (rPois)
You are covered in fur. (AC +1)


Message History

The killer bee is struck by your spines.
The killer bee barely misses you.
The killer bee is struck by your spines.
You kill the killer bee!
Lugonu accepts your kill.
The killer bee is struck by your spines.
The killer bee barely misses you.
A ball python comes into view.
You feel protected.
You feel sick.
The killer bee stings you but does no damage.
The killer bee stings you.
* * * LOW HITPOINT WARNING * * *
The killer bee is struck by your spines.
The killer bee closely misses you. The killer bee stings you.
* * * LOW HITPOINT WARNING * * *
You block the killer bee's attack.
The killer bee stings you but does no damage.
Space bends around you!
You blink.
You die...

######### #........
#.......? #)..!....
#........ ####
#######........
#...##...##.@.......
..........#...######
....(........##
.!...........#
........(....#
.......yyy...#
#.<ยง#..##
###........
#.#S.####


You could see 3 killer bees.

Vanquished Creatures
  The ghost of tricornhat the Skirmisher, an amateur DsGl (D:3)
  A sky beast (D:5)
  2 centaurs
  A scorpion (D:4)
  6 killer bees (D:7)
  5 howler monkeys
  2 crimson imps (D:5)
  6 orc wizards
  4 orc priests (D:4)
  2 hounds
  Jessica (D:3)
  3 worker ants
  A howler monkey skeleton (D:6)
  4 adders
  3 oozes
  A worm (D:2)
  A dart slug (D:3)
  4 leopard geckos
  13 orcs
  8 giant cockroaches
  5 hobgoblins
  2 ball pythons
  13 bats
  3 frilled lizards
  10 goblins
  7 kobolds
  3 rats
112 creatures vanquished.

Vanquished Creatures (others)
  A goblin (D:2)
  2 starspawn tentacles (Abyss:2)
3 creatures vanquished.

Grand Total: 115 creatures vanquished

Notes
Turn   | Place    | Note
-------+----------+-------------------------------------------
     0 | Abyss:1  | tyranidshit the Demonspawn Abyssal Knight began the quest for the Orb.
     0 | Abyss:1  | Reached XP level 1. HP: 18/18 MP: 2/2
    19 | Abyss:1  | Noticed a small abomination
    90 | Abyss:2  | Noticed a neqoxec
    92 | Abyss:2  | Noticed a tentacled starspawn
    95 | Abyss:2  | Gained mutation: You are dopey. (Int -2) [a neqoxec]
    96 | Abyss:2  | Noticed a lich
   101 | D:1      | Escaped the Abyss
   189 | D:1      | Gained mutation: You have sharp toenails. [demonic ancestry]
   189 | D:1      | Reached XP level 2. HP: 7/24 MP: 3/3
   191 | D:1      | HP: 1/24 [goblin/dagger (2)]
   253 | D:1      | Reached * piety under Lugonu
   470 | D:1      | Reached skill level 4 in Fighting
   949 | D:2      | Reached XP level 3. HP: 28/30 MP: 4/4
  1105 | D:2      | Found a stormy altar of Qazlal.
  1505 | D:2      | Found a glowing golden altar of the Shining One.
  1508 | D:2      | Found a white marble altar of Elyvilon.
  1585 | D:3      | Noticed tricornhat's ghost (amateur DsGl)
  1901 | D:3      | Found a faded altar of an unknown god.
  1914 | D:3      | Reached ** piety under Lugonu
  1988 | D:3      | Reached XP level 4. HP: 22/38 MP: 5/5
  2002 | D:3      | Reached skill level 5 in Fighting
  2034 | D:3      | Noticed Jessica
  2042 | D:3      | Killed Jessica
  2484 | D:3      | Killed tricornhat's ghost
  2484 | D:3      | Reached skill level 7 in Fighting
  2484 | D:3      | Reached XP level 5. HP: 35/48 MP: 6/6
  2484 | D:3      | Gained mutation: You are partially covered in icy blue scales. (AC +2) [demonic ancestry]
  2484 | D:3      | Reached XP level 6. HP: 40/55 MP: 7/7
  2620 | D:4      | Reached skill level 8 in Fighting
  2620 | D:4      | Gained mutation: You are partially covered in sharp spines. [demonic ancestry]
  2620 | D:4      | Reached XP level 7. HP: 10/62 MP: 8/8
  2827 | D:4      | Got a brightly glowing robe
  2838 | D:4      | Identified the +2 robe of Vexation {MR+} (You found it on level 4 of the Dungeon)
  3404 | D:5      | Entered Level 5 of the Dungeon
  3415 | D:5      | Found a shadowy altar of Dithmenos.
  3417 | D:5      | Reached skill level 9 in Fighting
  3791 | D:5      | Reached XP level 8. HP: 57/72 MP: 9/9
  3800 | D:5      | Gained mutation: You are covered in fur. (AC +1) [mutagenic meat]
  3801 | D:5      | Gained mutation: Your body sometimes deteriorates upon taking damage. [mutagenic meat]
  3802 | D:5      | Gained mutation: Your system is resistant to poisons. (rPois) [mutagenic meat]
  3803 | D:5      | Gained mutation: You are clumsy. (Dex -2) [mutagenic meat]
  3931 | D:5      | Reached skill level 10 in Fighting
  3982 | D:6      | Reached *** piety under Lugonu
  4108 | D:6      | Noticed tof's ghost (novice MiBe)
  4146 | D:7      | Reached skill level 11 in Fighting
  4148 | D:7      | HP: 2/75 [killer bee (5)]
  4149 | D:7      | Killed by a spatial distortion

Skill      XL: |  1  2  3  4  5  6  7  8 |
---------------+-------------------------+-----
Fighting       | 4 7 8 9 11 | 11.2
Axes           | |  1.7
Armour         | |  1.7
Dodging        | |  0.8
Invocations    | |  2.4

Action                   |  1- 3 |  4- 6 |  7- 9 || total
-------------------------+-------+-------+-------++-------
Melee: Hand axe          |   111 |    65 |   118 ||   294
       Kick              |    14 |    15 |    19 ||    48
Throw: Tomahawk          |       |       |     2 ||     2
Invok: Depart the Abyss  |     1 |       |       ||     1
       Bend Space        |       |     1 |       ||     1
Evoke: Wand              |     1 |     6 |       ||     7
  Use: Scroll            |     6 |     4 |     3 ||    13
       Potion            |     4 |     2 |     4 ||    10
  Eat: Meat ration       |     1 |       |       ||     1
       Bread ration      |       |     1 |     1 ||     2
       Chunk             |       |       |     4 ||     4
Armor: Leather armour    |    14 |       |       ||    14
       Ring mail         |    34 |       |       ||    34
       Scale mail        |    15 |    16 |    58 ||    89
       Skin              |       |     2 |       ||     2
Dodge: Dodged            |    41 |    19 |    38 ||    98
Block: Shield            |    43 |    36 |    88 ||   167
       Reflection        |     5 |     1 |     2 ||     8
